 Dungeon Crawl Stone Soup version 0.16.1-51-g6203257 (webtiles) character file.

10573 greattornick the Grappler (level 11, -1/109 HPs)
             Began as a Troll Monk on May 5, 2015.
             Was a High Priest of Okawaru.
             Slain by a wolf (8 damage)
             ... led by Grum
             ... on level 10 of the Dungeon on July 5, 2015.
             The game lasted 01:27:44 (11119 turns).

greattornick the Grappler (Troll Monk)             Turns: 11119, Time: 01:27:45

Health: -1/109     AC:  5    Str: 22    XL:     11   Next: 38%
Magic:  4/4        EV: 13    Int:  7    God:    Okawaru [*****.]
Gold:   106        SH:  0    Dex: 13    Spells: 0 memorised, 10 levels left

rFire  . . .     SeeInvis +       - Unarmed
rCold  . . .     Clarity  .     y - +0 animal skin
rNeg   . . .     SustAb   .     (shield restricted)
rPois  +         Gourm    +     (helmet restricted)
rElec  .         Spirit   .     (no cloak)
rCorr  .         Warding  .     (gloves unavailable)
rMut   .         Stasis   .     (boots unavailable)
MR     .....                    (no amulet)
Stlth  +.........               o - ring of see invisible
                                u - ring of poison resistance

@: very slightly contaminated, invisible, not resistant to hostile enchantments,
very unstealthy
A: unfitting armour, antennae 1, claws 3, fast metabolism 3, gourmand,
regeneration 2, shaggy fur 1, tough skin 2
a: Heroism, Finesse, Renounce Religion


You were on level 10 of the Dungeon.
You worshipped Okawaru.
Okawaru was extremely pleased with you.
You were very full.

You visited 2 branches of the dungeon, and saw 12 of its levels.

You collected 631 gold pieces.
You spent 525 gold pieces at shops.

Inventory:

Hand weapons
 G - a +0 blowgun
Missiles
 F - 7 curare-tipped needles
 H - 4 javelins of returning (quivered)
 J - 7 javelins
Armour
 y - a +0 animal skin (worn)
Jewellery
 m - a cursed ring of positive energy
 o - a ring of see invisible (right claw)
 u - a ring of poison resistance (left claw)
 B - an uncursed ring of sustain abilities
 E - an uncursed ring of protection from fire
Magical devices
 c - a wand of draining (0)
 i - a wand of frost (25)
 C - a wand of teleportation (8)
 I - a wand of disintegration (10)
Scrolls
 d - 5 scrolls of fear
 g - a scroll of amnesia
 h - 5 scrolls of teleportation
 p - 4 scrolls of remove curse
 s - 2 scrolls of blinking
 t - 2 scrolls of fog
Potions
 a - 2 potions of might
 e - 2 potions of curing
 k - a potion of ambrosia
 l - 2 potions of heal wounds {unknown}
 q - a potion of cancellation {unknown}
 z - a potion of degeneration {unknown}
Books
 f - a book of Battle

   Spells                             Type                      Level
   a - Infusion                       Charms                       1
   b - Shroud of Golubria             Charms/Translocation         2
   c - Song of Slaying                Charms                       2
   d - Spectral Weapon                Hexes/Charms                 3
   e - Regeneration                   Charms/Necromancy            3
 r - Luud's Reference Book on Feathery Aid
   (You found it on level 7 of the Dungeon)

   Spells                             Type                      Level
   a - Repel Missiles                 Charms/Air                   2
   b - Swiftness                      Charms/Air                   2
   c - Ozocubu's Armour               Charms/Ice                   3
   d - Control Teleport               Charms/Translocation         4
 v - a book of Alchemy

   Spells                             Type                      Level
   a - Sublimation of Blood           Necromancy                   2
   b - Alistair's Intoxication        Transmutation/Poison         4
   c - Condensation Shield            Ice                          4
   d - Petrify                        Transmutation/Earth          4
   e - Ignite Poison                  Fire/Transmutation           5
   f - Irradiate                      Conjuration/Transmutation    5
Comestibles
 b - 7 meat rations
 j - 4 fruits
 n - 7 bread rations
 w - 2 beef jerkies
 x - 7 slices of pizza


   Skills:
 + Level 7.0 Fighting
 + Level 7.3 Throwing
 + Level 7.4 Dodging
 - Level 1.1 Stealth
 * Level 12.0 Unarmed Combat


You had 10 spell levels left.
You didn't know any spells.

Dungeon Overview and Level Annotations

Branches:
Dungeon (11/15)            Temple (1/1) D:7
   Lair: D:8-11         Orc: D:9-12

Altars:
Ashenzari
Cheibriados
Dithmenos
Elyvilon
Fedhas
Gozag
Kikubaaqudgha
Makhleb
Nemelex Xobeh
Okawaru
Qazlal
Ru
Sif Muna
Trog
Vehumet
Xom
Yredelemnul
Zin
The Shining One

Shops:
D:9 *[!*!

Annotations:
D:8 exclusion: oklob plant
D:11 Grum


Innate Abilities, Weirdness & Mutations

You are too large for most types of armour.
You have claws for hands.
Your metabolism is lightning-fast.
You like to eat raw meat.
You heal very quickly.
You are covered in fur (AC +1).
You have very tough skin (AC +2).
You have a pair of small antennae on your head.


Message History

You fade into invisibility!
The wolf closely misses you. The wolf misses you. The wolf bites you.
* * * LOW HITPOINT WARNING * * *
The wolf closely misses you. The wolf misses you.
You are very lightly contaminated with residual magic.
You mangle the wolf!!
You kill the wolf!
Okawaru accepts your kill. The wolf closely misses you. The wolf misses you.
The wolf bites you.
* * * LOW HITPOINT WARNING * * *
Unknown command.
You barely miss the wolf. Your claw misses the wolf. The wolf bites you.
* * * LOW HITPOINT WARNING * * *
The wolf bites you!
* * * LOW HITPOINT WARNING * * *
You claw the wolf!
The wolf begins to bleed from its wounds!
The wolf is moderately wounded.
The wolf misses you. The wolf closely misses you. The wolf bites you!
You die...

#####..####...#####
#####..####≈≈≈##..##
.#.....#.##.>.##...#
.'.....+.#######...#
.##....##..##......#
.####'###'###.....##
.##....#...##......#
.##....'.......h†..#
.##...###..##...@h.#
.##...###'#####+##.#
.+.........##.....##
.##.)..............#
.##'####....÷......#
.##...##...##.....##
..#...##...##.....##
..#...##...##......#
..+....#...........#


You could see 2 wolves.

Vanquished Creatures
  Erica (D:10)
  Urug (D:10)
  Pikel (D:8)
  The ghost of Scuka the Basher, an experienced GrFi of Okawaru (D:6)
  Joseph (D:7)
  A troll (D:10)
  A deep elf mage (D:10)
  A human (D:7)
  3 yaks (D:9)
  2 hungry ghosts
  3 hippogriffs
  2 wolves
  The ghost of Scuka the Cudgeler, an average GrFi of Okawaru (D:3)
  A water moccasin (D:5)
  7 ice beasts
  5 orc warriors
  4 sky beasts
  A necrophage (D:9)
  10 ogres
  7 centaurs
  Sigmund (D:5)
  Duvessa (D:4)
  A crocodile (D:8)
  An eye of draining (D:10)
  Blork the orc (D:7)
  3 big kobolds (D:8)
  3 giant frogs
  3 scorpions
  4 crimson imps
  7 killer bees
  A quasit (D:10)
  Dowan (D:4)
  4 gnoll shamans (D:8)
  A jelly (D:8)
  2 giant frog zombies
  An orc priest (D:7)
  2 wasp zombies
  12 worker ants
  8 hounds
  12 orc wizards
  4 iguanas
  A killer bee zombie (D:9)
  4 sheep (D:7)
  2 hound zombies
  A hound skeleton (D:8)
  A mummy (D:9)
  4 worker ant zombies
  10 adders
  11 gnolls
  2 giant mites (D:8)
  2 shadow imps
  4 worms
  An adder zombie (D:8)
  40 orcs
  16 bats
  A bat skeleton (D:5)
  9 giant cockroaches
  17 hobgoblins
  5 quokkas
  2 ball pythons (D:4)
  5 giant geckos
  4 giant newts
  15 goblins
  11 jackals
  14 kobolds
  22 rats
  3 ballistomycetes (D:6)
  A fungus (D:8)
335 creatures vanquished.

Vanquished Creatures (others)
  An orc (D:8)
  A giant spore (D:6)
  3 fungi (D:8)
  3 plants (D:8)
8 creatures vanquished.

Grand Total: 343 creatures vanquished

Notes
Turn   | Place    | Note
--------------------------------------------------------------
     0 | D:1      | greattornick, the Troll Monk, began the quest for the Orb.
     0 | D:1      | Reached XP level 1. HP: 22/22 MP: 1/1
     3 | D:1      | Upgraded the game from 0.16.1-18-g436b03c to 0.16.1-51-g6203257
   198 | D:1      | Reached XP level 2. HP: 29/29 MP: 1/1
   648 | D:2      | Reached XP level 3. HP: 36/36 MP: 2/2
   916 | D:2      | Found a bloodstained altar of Trog.
   916 | D:2      | Found a deep blue altar of Sif Muna.
   916 | D:2      | Found a sacrificial altar of Ru.
  1190 | D:2      | Reached skill level 1 in Throwing
  1688 | D:3      | Noticed Scuka's ghost (average GrFi)
  1699 | D:3      | Killed Scuka's ghost
  1699 | D:3      | Reached skill level 5 in Unarmed Combat
  1699 | D:3      | Reached XP level 4. HP: 20/45 MP: 2/2
  1699 | D:3      | Reached XP level 5. HP: 23/53 MP: 2/2
  1878 | D:3      | Found a glowing silver altar of Zin.
  2569 | D:4      | Reached XP level 6. HP: 56/61 MP: 3/3
  2740 | D:4      | Noticed an ogre
  2756 | D:4      | Killed an ogre
  2874 | D:4      | Reached skill level 6 in Unarmed Combat
  3186 | D:5      | Entered Level 5 of the Dungeon
  3186 | D:5      | Noticed Duvessa
  3186 | D:5      | Noticed Dowan
  3194 | D:4      | Killed Dowan
  3202 | D:4      | HP: 4/91 [Duvessa/short sword (10)]
  3203 | D:4      | Killed Duvessa
  3203 | D:4      | Reached XP level 7. HP: 4/68 MP: 3/3
  3208 | D:4      | HP: 4/102 [poisoned by Dowan]
  3215 | D:4      | HP: 5/102 [poisoned by Dowan]
  3357 | D:5      | Noticed a water moccasin
  3359 | D:5      | Killed a water moccasin
  3362 | D:5      | Found a shattered altar of Ashenzari.
  3606 | D:5      | Reached skill level 7 in Unarmed Combat
  3651 | D:5      | Reached XP level 8. HP: 57/78 MP: 3/3
  3671 | D:5      | Found a sparkling altar of Nemelex Xobeh.
  3852 | D:5      | Noticed Sigmund
  3859 | D:5      | Killed Sigmund
  4327 | D:6      | Noticed Scuka's ghost (experienced GrFi)
  4609 | D:6      | Reached skill level 8 in Unarmed Combat
  4932 | D:6      | Killed Scuka's ghost
  4932 | D:6      | Reached skill level 5 in Dodging
  4932 | D:6      | Reached XP level 9. HP: 87/87 MP: 4/4
  5092 | D:7      | Noticed Joseph
  5366 | D:7      | Found a staircase to the Ecumenical Temple.
  5380 | Temple   | Entered the Ecumenical Temple
  5458 | Temple   | Became a worshipper of Warmaster Okawaru
  5458 | Temple   | Acquired Okawaru's first power
  5532 | D:7      | Reached skill level 5 in Fighting
  5585 | D:7      | Identified Luud's Reference Book on Feathery Aid
  5684 | D:7      | Killed Joseph
  5684 | D:7      | Reached skill level 9 in Unarmed Combat
  5955 | D:7      | Noticed Blork the orc
  5971 | D:7      | Killed Blork the orc
  6037 | D:7      | Reached skill level 5 in Throwing
  6834 | D:8      | Found a blossoming altar of Fedhas.
  6852 | D:8      | Found a blossoming altar of Fedhas.
  6866 | D:8      | Noticed an oklob plant
  7087 | D:8      | Reached skill level 10 in Unarmed Combat
  7204 | D:8      | Reached XP level 10. HP: 98/98 MP: 4/4
  7936 | D:8      | Noticed Pikel
  8020 | D:8      | Killed Pikel
  8848 | D:9      | Found Pluptimown's Assorted Antiques.
  8904 | D:9      | Found Grau's Assorted Antiques.
  8937 | D:9      | Found a white marble altar of Elyvilon.
  9018 | D:9      | Reached skill level 11 in Unarmed Combat
  9058 | D:9      | Found Zejixeor's Distillery.
  9064 | D:9      | Bought a potion of mutation for 35 gold pieces
  9267 | D:9      | Found Chiush's Distillery.
  9299 | D:9      | Found Maczuebb's Armour Shoppe.
  9814 | D:10     | Entered Level 10 of the Dungeon
  9882 | D:10     | Reached XP level 11. HP: 71/107 MP: 2/4
 10208 | D:10     | Noticed Erica
 10216 | D:10     | Killed Erica
 10216 | D:10     | Acquired Okawaru's second power
 10277 | D:10     | Found a deep blue altar of Sif Muna.
 10342 | D:10     | Noticed Urug
 10367 | D:10     | Killed Urug
 10367 | D:10     | Received a gift from Okawaru
 10929 | D:9      | Bought a potion of beneficial mutation for 490 gold pieces
 10929 | D:9      | Gained mutation: You have a pair of small antennae on your head. [potion of beneficial mutation]
 11100 | D:11     | Noticed Grum
 11106 | D:11     | Reached skill level 12 in Unarmed Combat
 11119 | D:10     | Slain by a wolf

Action                   |  1- 3 |  4- 6 |  7- 9 | 10-12 || total
-------------------------+-------+-------+-------+-------++-------
Melee: Unarmed           |   131 |   117 |   298 |   307 ||   853
 Fire: Blowgun           |       |       |       |     4 ||     4
Throw: Large rock        |     4 |     8 |    19 |     8 ||    39
       Tomahawk          |       |    21 |    58 |    14 ||    93
       Javelin           |       |       |       |    19 ||    19
Invok: Heroism           |       |       |       |     7 ||     7
Evoke: Wand              |       |       |       |     1 ||     1
  Use: Scroll            |     4 |     5 |     3 |     3 ||    15
       Potion            |     3 |     1 |     2 |     2 ||     8
 Stab: Sleeping          |       |     1 |     2 |       ||     3
  Eat: Chunk             |    15 |    20 |    36 |    37 ||   108
